 Dungeon Crawl Stone Soup version 0.18-a0-425-ge088ad1 (webtiles) character file.

352 xeno23 the Gusty (level 6, -1/45 HPs)
             Began as a Demigod Air Elementalist on Nov 30, 2015.
             Slain by a gnoll
             ... wielding a +0 whip
              (4 damage)
             ... on level 5 of the Dungeon.
             The game lasted 00:13:25 (2603 turns).

xeno23 the Gusty (Demigod Air Elementalist)         Turns: 2603, Time: 00:13:25

Health: -1/45      AC:  6    Str: 15    XL:     6   Next: 12%
Magic:  0/14       EV: 11    Int: 19    God:
Gold:   226        SH:  0    Dex: 16    Spells: 3 memorised, 7 levels left

rFire  . . .     SeeInvis .     k - -3 short sword (curse)
rCold  . . .     Clarity  .     l - +0 ring mail (curse)
rNeg   . . .     SustAt   +     (no shield)
rPois  .         Gourm    .     (no helmet)
rElec  .         Spirit   +     (no cloak)
rCorr  .         Dsmss    .     g - +0 pair of gloves
rMut   .         Stasis   .     (no boots)
MR     .....                    a - amulet of guardian spirit
Stlth  +.........               (no ring)
                                (no ring)

@: slowed, repel missiles, very slow, not resistant to hostile enchantments,
very unstealthy
A: high mp 1, sustain attributes
a: no special abilities


You were on level 5 of the Dungeon.
You were very hungry.

You visited 1 branch of the dungeon, and saw 5 of its levels.

You collected 226 gold pieces.

Inventory:

Hand Weapons
 i - a +5 flail
 k - a cursed -3 short sword (weapon)
 p - a +2 spear of piercing
Armour
 d - a +3 leather armour
 g - a +0 pair of gloves (worn)
 l - a cursed +0 ring mail (worn)
Jewellery
 a - an amulet of guardian spirit (around neck)
Scrolls
 r - a scroll of identify
Potions
 f - 2 potions of lignification
 o - a potion of cancellation
Books
 b - a book of Air

   Spells                             Type                      Level
   a - Shock                          Conjuration/Air              1
   b - Swiftness                      Charms/Air                   2
   c - Repel Missiles                 Charms/Air                   2
   d - Static Discharge               Conjuration/Air              3
   e - Lightning Bolt                 Conjuration/Air              5
Comestibles
 c - 2 bread rations
 m - a meat ration
 s - a slice of pizza


   Skills:
 - Level 1.7 Dodging
 - Level 1.7 Stealth
 + Level 3.5 Spellcasting
 + Level 3.3 Conjurations
 + Level 4.4 Air Magic


You had 7 spell levels left.
You knew the following spells:

 Your Spells              Type           Power        Failure   Level  Hunger
a - Shock                 Conj/Air       ###.         8%          1    None
b - Swiftness             Chrm/Air       ##......     17%         2    ##.....
r - Repel Missiles        Chrm/Air       ##....       17%         2    ##.....


Dungeon Overview and Level Annotations

Branches:
Dungeon (5/15)             Temple (0/1) D:5

Annotations:
D:5 Dowan, Duvessa


Innate Abilities, Weirdness & Mutations

You have an increased reservoir of magic (+10% MP).
Your attributes are resistant to harm.


Message History

You feel as though you will be slow longer.
The gnoll barely misses you.
You take 2 damage.
You hit the gnoll but do no damage.
The gnoll is heavily wounded.
Dowan zaps a wand.
You resist with some effort. The gnoll hits you but does no damage.
Dowan zaps a wand.
You resist with some effort. The gnoll hits you with a whip.
* * * LOW HITPOINT WARNING * * *
You take 2 damage.
You hit the gnoll but do no damage.
The gnoll is heavily wounded.
The gnoll hits you with a whip.
* * * LOW HITPOINT WARNING * * *
You take 3 damage.
Unknown command.
You hit the gnoll but do no damage.
The gnoll is heavily wounded.
The gnoll hits you with a whip.
You die...

#.....# #.....#
#.....# #.....# ..
#.....#####..
#..........#
#..........#
#)†........#
#@)........#
#g)........+
#...e......#
#..........#
#....%.....#####
......#####'##...#
......#..........#
#........'....g.....#
#........#.......>..#


You could see Dowan and a gnoll.

Vanquished Creatures
  2 sky beasts (D:5)
  A worker ant (D:4)
  3 gnolls (D:5)
  6 adders
  An ooze (D:3)
  An adder skeleton (D:4)
  A giant gecko (D:2)
  2 orcs
  2 ball pythons
  7 bats
  5 hobgoblins
  4 jackals (D:2)
  4 giant newts
  4 goblins
  9 kobolds
  6 rats (D:1)
58 creatures vanquished.

Notes
Turn   | Place    | Note
--------------------------------------------------------------
     0 | D:1      | xeno23 the Demigod Air Elementalist began the quest for the Orb.
     0 | D:1      | Reached XP level 1. HP: 14/14 MP: 5/5
    81 | D:1      | Reached skill level 1 in Conjurations
   148 | D:1      | Reached skill level 3 in Air Magic
   218 | D:1      | Reached XP level 2. HP: 18/20 MP: 1/7
   631 | D:2      | Found a faded altar to an unknown god.
   647 | D:2      | Learned a level 2 spell: Swiftness
   650 | D:2      | Learned a level 2 spell: Repel Missiles
  1020 | D:3      | Reached XP level 3. HP: 26/26 MP: 2/9
  1999 | D:2      | Reached XP level 4. HP: 27/33 MP: 6/10
  2429 | D:4      | Found a deep blue altar of Sif Muna.
  2459 | D:5      | Entered Level 5 of the Dungeon
  2489 | D:5      | Found a staircase to the Ecumenical Temple.
  2489 | D:5      | Noticed Dowan
  2490 | D:5      | Noticed Duvessa
  2511 | D:5      | Noticed a sky beast
  2529 | D:5      | Noticed a sky beast
  2570 | D:5      | Killed a sky beast
  2570 | D:5      | Reached skill level 4 in Air Magic
  2570 | D:5      | Reached XP level 5. HP: 26/38 MP: 4/12
  2577 | D:5      | Killed a sky beast
  2577 | D:5      | Reached XP level 6. HP: 18/45 MP: 4/14
  2603 | D:5      | Slain by a gnoll

Vault maps used:
D:1:      dpeg_arrival_arbitrary_c, st_stairs_13
D:2:      ecumenical_altar_2
D:4:      minitemple, nicolae_ossuary_entry_monument, first_bread,
          minmay_misc_feat_hallway, kennysheep_generic_room_9
D:5:      minmay_temple_entry_purple_smoke, hangedman_abyss_or_decor_stagger,
          hangedman_decor_push, grunt_gozag_statues, uniq_duvessa,
          uniq_eustachio, uniq_blork_the_orc

Action                   |  1- 3 |  4- 6 || total
-------------------------+-------+-------++-------
Melee: Unarmed           |    12 |       ||    12
       Short sword       |    46 |    67 ||   113
 Cast: Shock             |    82 |    22 ||   104
       Repel Missiles    |     1 |       ||     1
  Use: Scroll            |    14 |     2 ||    16
       Potion            |       |     5 ||     5
 Stab: Sleeping          |     2 |       ||     2
  Eat: Chunk             |     4 |     1 ||     5
